 Dungeon Crawl Stone Soup version 0.21-a0-329-g12f17e1 (webtiles) character file.

39 vishdafish the Charmwright (level 3, 11/27 HPs)
             Began as a Demonspawn Skald on Oct 1, 2017.
             Quit the game on level 2 of the Dungeon.
             The game lasted 00:01:23 (828 turns).

vishdafish the Charmwright (Demonspawn Skald)        Turns: 828, Time: 00:01:24

Health: 11/27      AC:  5    Str: 11    XL:     3   Next: 28%
Magic:  1/6        EV: 12    Int: 15    God:
Gold:   21         SH:  0    Dex: 12    Spells: 5/6 levels left

rFire    . . .     SeeInvis .   a - +0 spear
rCold    . . .     Gourm    .   (no shield)
rNeg     . . .     Faith    .   b - +0 leather armour
rPois    .         Spirit   +   (no helmet)
rElec    .         Reflect  .   (no cloak)
rCorr    .         Harm     .   (no gloves)
MR       .....                  (no boots)
Stlth    +.........             (no amulet)
HPRegen  0.09/turn              (no ring)
MPRegen  0.10/turn              (no ring)

@: mildly poisoned (11 -> 8), infused
A: icy blue scales 1, magic shield
a: no special abilities


You were on level 2 of the Dungeon.
You were not hungry.

You visited 1 branch of the dungeon, and saw 2 of its levels.

You collected 21 gold pieces.

Inventory:

Hand Weapons
 a - a +0 spear (weapon)
Armour
 b - a +0 leather armour (worn)
Scrolls
 f - a scroll of noise {unknown}
 g - 2 scrolls of enchant armour {unknown}
 h - a scroll of remove curse {unknown}
 i - a scroll of recharging {unknown}
 j - a scroll of enchant weapon {unknown}
 m - 2 scrolls of magic mapping {unknown}
 n - a scroll of identify {unknown}
 o - a scroll of amnesia {unknown}
Potions
 e - a potion of curing {unknown}
 k - 3 potions of agility {unknown}
Books
 c - a book of Battle

   Spells                             Type                      Level
   a - Infusion                       Charms                       1
   b - Shroud of Golubria             Charms/Translocation         2
   c - Song of Slaying                Charms                       2
   d - Spectral Weapon                Hexes/Charms                 3
   e - Regeneration                   Charms/Necromancy            3
Comestibles
 d - a bread ration
 l - 2 fruits


   Skills:
 - Level 2.0 Fighting
 * Level 2.7 Polearms
 - Level 1.0 Armour
 + Level 2.2 Dodging
 - Level 2.0 Spellcasting
 + Level 3.0 Charms


You had 5 spell levels left.
You knew the following spells:

 Your Spells              Type           Power        Failure   Level  Hunger
a - Infusion              Chrm           ##..         9%          1    #......


Dungeon Overview and Level Annotations

Branches:
Dungeon (2/15)

Altars:


Innate Abilities, Weirdness & Mutations

You are partially covered in icy blue scales. (AC +2)
When hurt, damage is shared between your health and your magic reserves.


Message History

You are too injured to fight recklessly!
You are too injured to fight recklessly!
You are too injured to fight recklessly!
You are too injured to fight recklessly!
You are too injured to fight recklessly!
A giant cockroach is nearby!
You hit the giant cockroach.
The giant cockroach is severely wounded.
The giant cockroach closely misses you.
You closely miss the giant cockroach.
The giant cockroach is severely wounded.
You feel sick.
The giant cockroach bites you but does no damage.
You closely miss the giant cockroach.
The giant cockroach is severely wounded.
The giant cockroach bites you but does no damage. x2
You hit the giant cockroach.
You kill the giant cockroach!
Found a smoky coppery potion.
Are you sure you want to abandon this character and quit the game? (Confirm with "yes".)

... .......# .# #..
#.##...##.#
#..##.##...##.# #
..........##.# # !
#.###.#......>#.# .# ..
#.#.....##.#..#.##.#...
#..†(......#..#......(.
##.#.#(#................
#...<..#........@.......
#..#.#.#..###....(...###
#..#.#.#..# #.##........
#. #.#.#.......#.##.....
#. .......###..#.# #...#
# #.###..# #..#.# ....
#.# #..# #.. ... #.# #..
..


There were no monsters in sight!

Vanquished Creatures
  An adder (D:2)
  2 leopard geckos (D:1)
  2 giant cockroaches
  4 goblins (D:1)
  4 hobgoblins (D:1)
  5 bats (D:1)
  3 frilled lizards
  5 kobolds
  4 rats (D:1)
30 creatures vanquished.

Notes
Turn   | Place    | Note
-------+----------+-------------------------------------------
     0 | D:1      | vishdafish the Demonspawn Skald began the quest for the Orb.
     0 | D:1      | Reached XP level 1. HP: 16/16 MP: 3/3
    12 | D:1      | Reached skill level 1 in Armour
    63 | D:1      | Gained mutation: You are partially covered in icy blue scales. (AC +2) [demonic ancestry]
    63 | D:1      | Reached XP level 2. HP: 22/22 MP: 0/5
   562 | D:1      | Reached skill level 3 in Charms
   785 | D:2      | Gained mutation: When hurt, damage is shared between your health and your magic reserves. [demonic ancestry]
   785 | D:2      | Reached XP level 3. HP: 21/27 MP: 6/6
   828 | D:2      | Quit the game

Vault maps used:
D:1:      giann_forest_graveyard, minmay_misc_feat_five

Skill      XL: |  1  2 |
---------------+-------+-----
Armour         | 1 |  1.0
Polearms       | 2 |  2.7
Dodging        | 2 |  2.2
Charms         | 3 |  3.0
Fighting       | |  2.0
Spellcasting   | |  2.0

Action                   || total
-------------------------++-------
Melee: Spear             ||   113
 Cast: Infusion          ||     3
Armor: Leather armour    ||    36
Dodge: Dodged            ||    75

Table legend:
 A = Spawn XP
 B = Non-spawn XP
 C = Spawn XP percentage of total XP
 D = Spawn monster count
 E = Non-spawn monster count
 F = Spawn count percentage of total count
 G = Total turns spent on level
                    A         B        C        D         E        F      G
               +---------+---------+-------+---------+---------+-------+---------
         Total |       0 |      57 |   0.0 |       0 |      30 |   0.0 |   828
               +---------+---------+-------+---------+---------+-------+---------
           D:1 |       0 |      39 |   0.0 |       0 |      25 |   0.0 |   775
           D:2 |       0 |      18 |   0.0 |       0 |       5 |   0.0 |    53
               +---------+---------+-------+---------+---------+-------+---------
